Map: Data-C

Players

Nerosus

  • Race: Zerg Zerg
  • Spawn Location: 9:00

Creature - Winner!

  • Race: Protoss Protoss
  • Spawn Location: 3:00

Event: DreamHack SC2 Masters 2022 Atlanta (Offline)

VOD

Have the link to the VOD?

Description

Time

  • Played on: Nov. 18, 2022, 1:34 p.m.
  • Length: 7:11

All games in this series

Show
View Real Time Build Order
Export as new Build Order

Nerosus Zerg 

Build Orders: Hatch First 

Get SALT Encoding   

  12  0:00  Drone  
  13  0:12  Overlord  
  13  0:17  Drone  
  14  0:32  Drone x2  
  16  0:49  Hatchery  
  15  0:52  Drone  
  15  0:56  Drone  
  17  1:00  Drone  
  18  1:11  Extractor  
  17  1:15  Spawning Pool  
  16  1:22  Drone x2  
  18  1:31  Drone  
  19  1:41  Drone  
  20  1:53  Overlord  
  20  2:02  Queen x2  
  20  2:03  Zergling x4  
  26  2:11  Drone  
  26  2:12  Drone  
  28  2:20  Metabolic Boost  
  28  2:21  Drone  
  30  2:22  Drone  
  30  2:40  Hatchery  
  29  2:47  Drone x3  
  29  2:50  Overlord  
  32  2:57  Queen  
  34  3:07  Drone x2  
  34  3:11  Drone  
  34  3:12  Drone  
  38  3:16  Drone x2  
  38  3:17  Drone, Overlord  
  41  3:22  Zergling x2  
  41  3:26  Zergling x2  
  43  3:33  Drone  
  44  3:37  Spore Crawler  
  44  3:40  Drone x2  
  45  3:51  Queen x2  
  45  3:54  Drone  
  50  3:57  Spore Crawler  
  50  3:58  Drone  
  50  4:00  Overlord  
  50  4:15  Queen  
  50  4:23  Drone x4  
  53  4:24  Drone  
  53  4:25  Drone x4  
  53  4:26  Evolution Chamber  
  57  4:35  Drone  
  57  4:36  Overlord x3  
  58  4:41  Lair  
  58  4:43  Extractor  
  58  4:44  Drone  
  58  4:45  Drone, Extractor  
  57  4:58  Drone x2  
  57  4:59  Drone x7  
  59  5:08  Zerg Melee Weapons Level 1  
  59  5:12  Drone x2  
  59  5:13  Drone x3  
  64  5:16  Drone x2  
  66  5:24  Drone  
  67  5:33  Drone x2, Roach Warren  
  67  5:34  Drone  
  69  5:35  Hatchery  
  69  5:36  Baneling Nest, Drone  
  69  5:37  Drone  
  69  5:38  Drone  
  70  5:43  Drone  
  70  5:44  Drone x2  
  70  5:47  Drone x3  
  70  5:48  Drone  
  77  5:51  Drone  
  77  5:52  Drone x2, Extractor  
  79  5:59  Zergling x4  
  81  6:06  Extractor  
  81  6:08  Extractor  
  81  6:09  Zergling x6  
  81  6:10  Overlord x2  
  80  6:15  Spore Crawler  
  79  6:20  Drone  
  79  6:21  Drone x2  
  79  6:22  Overlord x3  
  79  6:23  Overlord  
  82  6:28  Hatchery  
  82  6:32  Zergling x6  
  84  6:34  Roach  
  84  6:38  Baneling x9  
  84  6:44  Zergling x10  
  89  6:51  Roach x2  
  89  6:53  Overlord  
Show
View Real Time Build Order
Export as new Build Order

Creature Protoss - Winner!

Build Orders: 1 Gate Expand, Oracle Opening, Zealot Archon, Archon Drop 

Get SALT Encoding   

  12  0:01  Probe  
  13  0:13  Probe  
  14  0:18  Pylon  
  14  0:25  Probe (Chrono Boost)  
  15  0:38  Probe (Chrono Boost), Gateway  
  16  0:45  Probe (Chrono Boost)  
  16  0:47  Assimilator  
  17  0:52  Probe  
  18  1:04  Probe  
  19  1:16  Probe  
  20  1:24  Nexus  
  20  1:34  Cybernetics Core  
  20  1:36  Probe  
  21  1:44  Assimilator  
  21  1:49  Probe  
  21  1:52  Pylon  
  22  2:01  Probe (Chrono Boost)  
  23  2:10  Adept (Chrono Boost)  
  23  2:13  Probe (Chrono Boost)  
  26  2:21  Probe (Chrono Boost)  
  26  2:22  Stargate  
  27  2:27  Probe  
  28  2:31  Warp Gate  
  28  2:38  Probe (Chrono Boost)  
  28  2:40  Stalker  
  28  2:42  Probe (Chrono Boost)  
  32  2:50  Probe (Chrono Boost)  
  33  2:56  Gateway, Probe (Chrono Boost)  
  33  2:57  Probe (Chrono Boost)  
  35  3:03  Probe  
  35  3:04  Oracle (Chrono Boost)  
  36  3:10  Probe  
  40  3:18  Probe, Pylon  
  41  3:22  Adept, Probe  
  44  3:30  Probe  
  45  3:34  Probe  
  46  3:42  Nexus  
  46  3:46  Pylon  
  46  3:48  Probe  
  47  3:50  Oracle (Chrono Boost)  
  47  3:54  Probe  
  51  4:00  Assimilator  
  51  4:02  Probe, Assimilator  
  52  4:08  Probe, Pylon  
  53  4:14  Probe  
  54  4:20  Probe  
  54  4:22  Adept x2  
  59  4:26  Twilight Council  
  59  4:28  Robotics Facility  
  59  4:29  Probe  
  60  4:32  Probe  
  61  4:40  Gateway  
  61  4:44  Gateway  
  61  4:46  Probe  
  61  4:51  Charge (Chrono Boost)  
  62  4:53  Probe  
  62  4:59  Probe  
  62  5:03  Probe  
  61  5:07  Probe  
  61  5:09  Templar Archives  
  61  5:11  Gateway x2  
  61  5:13  Probe (Chrono Boost)  
  63  5:15  Probe (Chrono Boost)  
  63  5:16  Shield Battery  
  65  5:24  Probe (Chrono Boost), Gateway  
  65  5:26  Gateway  
  67  5:29  Probe (Chrono Boost)  
  67  5:31  Warp Prism (Chrono Boost), Probe (Chrono Boost)  
  69  5:36  Probe x2  
  69  5:39  Probe  
  72  5:43  Pylon  
  72  5:48  Probe  
  72  5:49  Probe  
  74  5:50  Pylon  
  74  5:52  High Templar x3  
  74  5:53  High Templar  
  82  5:57  Assimilator  
  82  5:58  Archon x2, Assimilator  
  82  5:59  Probe  
  82  6:02  Pylon  
  82  6:03  Probe  
  84  6:08  Probe  
  85  6:16  Probe  
  86  6:20  Forge  
  86  6:21  Pylon  
  86  6:23  Observer, Pylon  
  87  6:26  Zealot x6  
  87  6:29  Zealot  
  87  6:31  Zealot  
  103  6:38  Probe x2  
  105  6:41  Pylon  
  105  6:42  Pylon  
  105  6:48  Zealot x4  
  105  6:50  Probe  
  106  6:55  Zealot x6  
  106  6:57  Probe  
  118  7:06  Zealot  
  118  7:07  Zealot  
Tags
 
Add a new tag
Caveats
  • Supply blocks, unpowered buildings, or Contaminate may cause inaccurate times.
  • Supply counts are checked every 10 seconds.